 Dungeon Crawl Stone Soup version 0.13.1-17-g0f9d4ff (webtiles) character file.

223 Psiweapon the Skirmisher (level 4, 0/29 HPs)
             Began as a Gargoyle Fighter on Dec 17, 2013.
             Killed by nerve-wracking pain
             ... invoked by Grinder
              (10 damage)
             ... on Level 3 of the Dungeon.
             The game lasted 00:08:13 (1459 turns).

Psiweapon the Skirmisher (Gargoyle Fighter)         Turns: 1459, Time: 00:08:13

HP   0/29        AC 14     Str 21      XL: 4   Next: 33%
MP   3/3         EV  5     Int  8      God:
Gold 146         SH 19     Dex  9      Spells:  0 memorised,  3 levels left

Res.Fire  : . . .   See Invis. : .   q - +1 whip (venom)
Res.Cold  : . . .   Warding    : .   m - +0 chain mail
Life Prot.: + . .   Conserve   : .   c - +0 shield
Res.Poison: +       Res.Corr.  : .   (no helmet)
Res.Elec. : +       Clarity    : .   A - +0 elf cloak
Sust.Abil.: . .     Spirit.Shd : .   (no gloves)
Res.Mut.  : .       Stasis     : .   (no boots)
Res.Rott. : +       Flight     : .   (no amulet)
Saprovore : . . .                    (no ring)
                                     (no ring)

@: slowed, very slow, slightly resistant to hostile enchantments, extremely
unstealthy
A: fangs 1, talons 2, life protection 1, electricity resistance, slow metabolism
1, unbreathing, petrification resistance, AC +3
a: no special abilities


You were on level 3 of the Dungeon.
You were not hungry.

You visited 1 branch of the dungeon, and saw 3 of its levels.

You collected 126 gold pieces.

Inventory:

Hand weapons
 a - a +0,+0 mace
 q - a +1,+1 whip of venom (weapon)
Missiles
 D - 11 steel darts (quivered)
Armour
 b - a +0 scale mail
 c - a +0 shield (worn)
 l - a +0 dwarven cloak
 m - a +0 chain mail (worn)
 u - a +1 ring mail of cold resistance
 A - a +0 elven cloak (worn)
Comestibles
 d - 2 bread rations
 f - a meat ration
 g - an apple
 s - a rotting chunk of rat flesh
 w - a rotting chunk of giant newt flesh
 B - a rotting chunk of bat flesh
 C - a rotting chunk of rat flesh
Scrolls
 h - 2 scrolls of curse armour {unknown}
 j - 2 scrolls of fog {unknown}
 k - 3 scrolls of identify {unknown}
 n - a scroll of fear {unknown}
 y - a scroll of enchant weapon II {unknown}
 z - a scroll of remove curse {unknown}
Potions
 e - a potion of magic {unknown}
 i - 2 potions of heal wounds {unknown}
 o - 2 potions of speed {unknown}
 p - a potion of degeneration {unknown}
 r - a potion of paralysis {unknown}
 t - a potion of curing {unknown}
 v - a potion of mutation {unknown}


   Skills:
 + Level 4.1 Fighting
 + Level 2.9 Maces & Flails
 + Level 3.8 Armour
 + Level 3.9 Shields


You had 3 spell levels left.
You didn't know any spells.

Dungeon Overview and Level Annotations

Branches:
Dungeon (3/27)

Altars:

Annotations:
D:3 Grinder


Innate Abilities, Weirdness & Mutations

You are resistant to torment.
You are immune to poison.
Your stone body is very resilient (AC +3).
You have very sharp teeth.
You have razor-sharp toenails.
You resist negative energy.
You are resistant to electric shocks.
You have a slow metabolism.
You can survive without breathing.
You are immune to petrification.


Message History

Grinder is moderately wounded.
You block Grinder's attack.
You hit Grinder. Your kick misses Grinder.
Grinder is moderately wounded.
Grinder gestures at you. Pain shoots through your body! Grinder hits you.
You hit Grinder. You claw Grinder, but do no damage.
Grinder is heavily wounded.
Grinder hits you but does no damage.
You closely miss Grinder. Your bite misses Grinder.
Grinder is heavily wounded.
Grinder hits you. Grinder closely misses you.
You whack Grinder! Your kick misses Grinder.
Grinder is severely wounded.
Grinder zaps a wand.
You resist.
You hit Grinder.
Grinder is severely wounded.
Grinder gestures at you. Pain shoots through your body!
You die...

#.# #.# #<# #
##### #.# #.
#...# .# #.####
#.##...##.#
#....#
#.........#
####.#
#.........# #.#
#..5.....# #.#
#@..# #.#
##$..##.#
#.#####>......#
#..........####
#####......#
#.##...#
#.###### #.#
#.#


You could see Grinder.

Vanquished Creatures
  Jessica (D:2)
  2 adders (D:2)
  A giant mite (D:2)
  A giant gecko (D:2)
  An ooze (D:1)
  A hobgoblin (D:1)
  4 jackals (D:1)
  8 bats
  4 giant cockroaches
  3 giant newts
  3 goblins
  A kobold (D:2)
  6 rats
36 creatures vanquished.

Notes
Turn   | Place    | Note
--------------------------------------------------------------
     0 | D:1      | Psiweapon, the Gargoyle Fighter, began the quest for the Orb.
     0 | D:1      | Reached XP level 1. HP: 14/14 MP: 0/0
   188 | D:1      | Reached XP level 2. HP: 19/19 MP: 1/1
   827 | D:2      | Reached XP level 3. HP: 24/24 MP: 2/2
   868 | D:2      | Noticed Jessica
   879 | D:2      | Killed Jessica
   879 | D:2      | Reached skill level 4 in Fighting
  1120 | D:2      | Reached XP level 4. HP: 26/29 MP: 3/3
  1445 | D:3      | Noticed Grinder
  1446 | D:3      | Paralysed by Grinder for 2 turns
  1459 | D:3      | Killed from afar by Grinder

Action                   |  1- 3 |  4- 6 || total
-------------------------+-------+-------++-------
Melee: Mace              |    23 |       ||    23
       Whip              |    55 |    27 ||    82
